 Dungeon Crawl Stone Soup version 0.30-a0-954-gcf5f444c16 (webtiles) character file.

Game seed: 8088438230654908440

32 Jane2 the Ducker (level 3, -3/28 HPs)
             Began as a Human Gladiator on Mar 29, 2023.
             Slain by Natasha (7 damage)
             ... on level 2 of the Dungeon.
             The game lasted 00:03:40 (806 turns).

Jane2 the Ducker (Human Gladiator)                   Turns: 806, Time: 00:03:41

Health: -3/28      AC:  4    Str: 12 (14) XL:     3   Next: 42%
Magic:  3/3        EV: 12    Int:  5 (8)  God:
Gold:   74         SH:  0    Dex: 15 (16) Spells: 2/2 levels left

rFire   . . .      SeeInvis .    a - +0 rapier
rCold   . . .      Faith    .    (no shield)
rNeg    . . .      Spirit   .    b - +0 leather armour
rPois   .          Reflect  .    c - +0 helmet
rElec   .          Rampage  .    (no cloak)
rCorr   .                        (no gloves)
Will    .....                    (no boots)
Stlth   +                        (no amulet)
HPRegen 0.24/turn                (no ring)
MPRegen 0.08/turn                (no ring)

@: no status effects
A: no striking features
a: no special abilities


You were on level 2 of the Dungeon.
You visited 1 branch of the dungeon, and saw 2 of its levels.

You collected 74 gold pieces.

Inventory:

Hand Weapons
 a - a +0 rapier (weapon)
Armour
 b - a +0 leather armour (worn)
 c - a +0 helmet (worn)
 e - a +0 ring mail
Scrolls
 d - a scroll of enchant weapon {unknown}
Potions
 g - a potion of degeneration
 i - a potion of berserk rage


   Skills:
 + Level 2.3 Fighting
 + Level 3.4 Short Blades
 - Level 2.0 Throwing
 + Level 0.5 Armour
 + Level 3.4 Dodging


You had 2 spell levels left.
You didn't know any spells.
Your spell library contained the following spells:

 Spells                   Type           Power      Damage    Failure   Level
 Necrotise                Necr           0%         1d4       56%         1
 Vampiric Draining        Necr           0%         2d6       90%         3
 Agony                    Necr           0%         N/A       100%        5


Dungeon Overview and Level Annotations

Branches:
Dungeon (2/15)

Altars:

Annotations:
D:2 Natasha


Message History

The bat barely misses you. x2; The bat hits you but does no damage.
You hit the bat.
You kill the bat!
The bat barely misses you. x2
You hit the bat.
You kill the bat!
The bat closely misses you. The bat barely misses you.
You puncture the bat!
You kill the bat!
You see here a bat corpse.
You see here a +0 club.
Natasha, Servant of Life and Death comes into view.
Natasha hisses angrily.
Natasha howls an incantation.
You feel disoriented.
You see here a +0 ring mail.
e - a +0 ring mail You see here a +0 club.
You see here a bat corpse.
Natasha is nearby!
Natasha stares at you and mumbles some strange words.
The magic dart hits you.
You hit Natasha.
Natasha is lightly wounded.
Natasha casts a spell at you. You resist with significant effort.
You hit Natasha but do no damage.
Natasha is lightly wounded.
Natasha barely misses you.
You closely miss Natasha.
Natasha is lightly wounded.
Natasha misses you.
You hit Natasha.
Natasha is moderately wounded.
Natasha claws you!
* * * LOW HITPOINT WARNING * * *
You hit Natasha.
Natasha is moderately wounded.
Natasha claws you!
You die...

.....!...(. #.#
.#.......h# #.#
..........# #.#
##.....h..# #.#
..........# #.#
.#..#..)### #.#
#.#.†.## #.#
...###h.## #.# ###
#.@..# #.# #....#
#.#.# #....# #.#.#
#....# #.#.# ####.#
#.#.# #.# #.#.# #.#
#.#.# # #####.###
#.#.##...
#.......####........


You could see Natasha.

Vanquished Creatures
  9 ball pythons
  4 bats
  2 endoplasms (D:2)
  2 giant cockroaches (D:1)
  4 hobgoblins
  A frilled lizard (D:1)
  2 goblins (D:1)
  3 kobolds
  2 rats (D:1)
29 creatures vanquished.

Vanquished Creatures (others)
  3 fungi (D:1)
3 creatures vanquished.

Grand Total: 32 creatures vanquished

Notes
Turn   | Place    | Note
-------+----------+-------------------------------------------
     0 | D:1      | Jane2 the Human Gladiator began the quest for the Orb.
     0 | D:1      | Reached XP level 1. HP: 16/16 MP: 1/1
   170 | D:1      | Reached XP level 2. HP: 21/22 MP: 2/2
   373 | D:1      | Reached XP level 3. HP: 27/27 MP: 3/3
   793 | D:2      | Noticed Natasha
   806 | D:2      | Slain by Natasha

Illustrated notes

Levels and vault maps discovered:
D:1:      dpeg_arrival_orchard, layout_basic, minmay_shallow_snake_nest
D:2:      layout_basic, hangedman_decor_lopped, uniq_natasha

Action                     || total
---------------------------++-------
  Melee: Rapier            ||   106
    Use: Potion            ||     4
         Scroll            ||     1
 Armour: Leather armour    ||    63
  Dodge: Dodged            ||   134

Table legend: (Time is in decaauts)
 A = Elapsed time spent in this place.
 B = Non-inter-level travel time spent in this place.
 C = Inter-level travel time spent in this place.
 D = Time resting spent in this place.
 E = Time spent auto-exploring this place.
 F = Levels seen in this place.
 G = Mean time per level.
                   A        B        C        D        E       F      G
               +--------+--------+--------+--------+--------+-----+--------+
         Total |    809 |    725 |     84 |     36 |    376 |   2 |  404.5 |
       Dungeon |    809 |    725 |     84 |     36 |    376 |   2 |  404.5 |
               +--------+--------+--------+--------+--------+-----+--------+

Top non-repeatable levels by time:
     D:1: 637 daAuts
     D:2: 172 daAuts
